 Dungeon Crawl Stone Soup version 0.22.0-38-g04b72b8 (webtiles) character file.

3873 Lew the Nimble (level 10, -2/82 HPs)
             Began as a Gnoll Monk on Aug 28, 2018.
             Was a Believer of Okawaru.
             Slain by Grum
             ... wielding a +0 spear
              (18 damage)
             ... on level 8 of the Dungeon.
             The game lasted 00:15:41 (6923 turns).

Lew the Nimble (Gnoll Monk)                         Turns: 6923, Time: 00:15:44

Health: -2/82      AC: 10    Str: 15    XL:     10   Next: 19%
Magic:  18/18      EV: 17    Int: 13    God:    Okawaru [**....]
Gold:   254        SH:  6    Dex: 19    Spells: 20/20 levels left

rFire    + + .     SeeInvis .   h - +3 spear
rCold    . . .     Gourm    .   e - +0 buckler
rNeg     . . .     Faith    .   f - +0 ring mail
rPois    .         Spirit   .   j - +2 helmet
rElec    .         Reflect  .   m - +0 cloak
rCorr    +         Harm     .   (no gloves)
MR       .....                  (no boots)
Stlth    +++.......             (no amulet)
HPRegen  0.23/turn              k - ring of protection from fire
MPRegen  0.16/turn              q - ring of resist corrosion

@: no status effects
A: distributed training, fangs 1, fire resistance 1, sense surroundings 1,
strong nose
a: Heroism, Renounce Religion


You were on level 8 of the Dungeon.
You worshipped Okawaru.
Okawaru was pleased with you.
You were hungry.

You visited 2 branches of the dungeon, and saw 9 of its levels.

You collected 366 gold pieces.
You spent 112 gold pieces at shops.

Inventory:

Hand Weapons
 a - a +0 hand axe
 h - a +3 spear (weapon)
Armour
 e - a +0 buckler (worn)
 f - a +0 ring mail (worn)
 j - a +2 helmet (worn)
 m - a +0 cloak (worn)
Jewellery
 k - a ring of protection from fire (left hand)
 q - a ring of resist corrosion (right hand)
Wands
 n - a wand of random effects (17)
 r - a wand of paralysis (9)
 t - a wand of disintegration (19)
 u - a wand of iceblast (12)
Scrolls
 b - 2 scrolls of enchant weapon
 g - 3 scrolls of identify
 i - 2 scrolls of amnesia
 o - 6 scrolls of teleportation
 s - 2 scrolls of magic mapping
 y - 4 scrolls of remove curse
 z - 2 scrolls of fear
Potions
 d - 2 potions of curing
 l - 2 potions of heal wounds
 p - 2 potions of brilliance
Comestibles
 c - 8 rations


   Skills:
 + Level 8.8 Fighting
 + Level 5.7 Short Blades
 + Level 5.7 Long Blades
 + Level 8.8 Axes
 + Level 5.7 Maces & Flails
 + Level 5.7 Polearms
 + Level 5.7 Staves
 + Level 5.7 Slings
 + Level 5.7 Bows
 + Level 5.7 Crossbows
 + Level 5.7 Throwing
 + Level 5.7 Armour
 + Level 8.8 Dodging
 + Level 7.2 Stealth
 + Level 5.7 Shields
 + Level 5.7 Unarmed Combat
 + Level 5.7 Spellcasting
 + Level 4.7 Conjurations
 + Level 4.7 Hexes
 + Level 4.7 Charms
 + Level 4.7 Summonings
 + Level 4.7 Necromancy
 + Level 4.7 Translocations
 + Level 4.7 Transmutations
 + Level 4.7 Fire Magic
 + Level 4.7 Ice Magic
 + Level 4.7 Air Magic
 + Level 4.7 Earth Magic
 + Level 4.7 Poison Magic
 + Level 6.3 Invocations
 + Level 5.7 Evocations


You had 20 spell levels left.
You didn't know any spells.
Your spell library contained the following spells:

 Spells                   Type           Power        Failure   Level  Hunger
 Animate Skeleton         Necr           N/A          4%          1    None
 Apportation              Tloc           ###...       4%          1    None
 Confusing Touch          Hex            ###...       4%          1    None
 Magic Dart               Conj           ###.         4%          1    None
 Summon Small Mammal      Summ           ###.         4%          1    None
 Searing Ray              Conj           ###...       7%          2    ##.....
 Dazzling Spray           Conj/Hex       ###...       14%         3    ###....
 Force Lance              Conj/Tloc      ###.....     41%         4    ####...
 Fulminant Prism          Conj/Hex       ###.......   41%         4    ####...
 Iskenderun's Mystic Bla  Conj           ###.....     41%         4    ####...


Dungeon Overview and Level Annotations

Branches:
Dungeon (8/15)             Temple (1/1) D:7
   Lair: D:8-11

Altars:
Ashenzari
Cheibriados
Dithmenos
Elyvilon
Fedhas
Gozag
Hepliaklqana
Kikubaaqudgha
Makhleb
Nemelex Xobeh
Okawaru
Qazlal
Ru
Trog
Uskayaw
Vehumet
Wu Jian
Xom
Yredelemnul
Zin
The Shining One

Shops:
D:4 !   D:8 *

Annotations:
D:8 Grum


Innate Abilities, Weirdness & Mutations

Your experience applies equally to all skills.
You have very sharp teeth.
Your uncanny sense of smell can sniff out nearby items.
Your flesh is heat resistant. (rF+)
You passively map a small area around you.


Message History

Press: ? - help, Dir - move target cursor, f/p - wolf
Aim: a wolf (severely wounded)
You closely miss the wolf.
The wolf is severely wounded.
You block the wolf's attack. The wolf closely misses you.
The wolf bites you but does no damage. The wolf closely misses you.
You closely miss the wolf.
The wolf is severely wounded.
The wolf bites you.
* * * LOW HITPOINT WARNING * * *
The wolf bites you!
* * * LOW HITPOINT WARNING * * *
You hit the wolf.
You kill the wolf!
Okawaru accepts your kill. The wolf bites you but does no damage.
Grum growls.
Grum hits you from afar with a spear!!
You die...

, *#....$...# ##.....##
.. #........####........
,
..##..........##........
,
......................$.
,
......#.....#.......†...
*,,
......#.....#...........
......#.................
,
.........g..#.#.........
.......@#.#.#'#.........
........h.#.............
........###.............
......... ............##
, .........
.........#... ..........
......!...... ####......
.............
,..#######............ ,
, , ... , ,............


You could see Grum and a wolf.

Vanquished Creatures
  The ghost of bmj180 the Magician, a novice DEFE (D:4)
  Grinder (D:6)
  Prince Ribbit (D:5)
  A hippogriff (D:7)
  Duvessa (D:5)
  A water moccasin (D:5)
  A sky beast (D:6)
  An orc warrior (D:6)
  3 necrophages (D:7)
  3 ogres
  2 wolves (D:8)
  3 centaurs
  Blork the orc (D:4)
  2 bullfrogs
  Dowan (D:5)
  A scorpion (D:8)
  4 howler monkeys
  3 crimson imps
  A bullfrog zombie (D:7)
  A centaur zombie (D:7)
  Crazy Yiuf (D:2)
  An orc priest (D:8)
  5 hounds
  A jelly (D:8)
  2 centaur skeletons (D:4)
  An iguana (D:8)
  5 orc wizards
  Ijyb (D:3)
  3 worker ants
  2 killer bee zombies (D:7)
  A howler monkey zombie (D:7)
  2 worker ant zombies
  3 gnolls (D:4)
  12 adders
  A shadow imp (D:5)
  An ooze (D:3)
  2 adder zombies
  2 worms
  3 dart slugs (D:1)
  3 leopard geckos
  8 orcs
  5 giant cockroaches
  6 goblins
  10 hobgoblins
  7 jackals
  6 kobolds
  A quokka (D:4)
  A ball python (D:4)
  6 bats
  10 frilled lizards
  A leopard gecko skeleton (D:4)
  2 quokka skeletons (D:4)
  15 rats
163 creatures vanquished.

Vanquished Creatures (others)
  2 bushes (D:7)
  4 plants (D:7)
6 creatures vanquished.

Grand Total: 169 creatures vanquished

Notes
Turn   | Place    | Note
-------+----------+-------------------------------------------
     0 | D:1      | Lew the Gnoll Monk began the quest for the Orb.
     0 | D:1      | Reached XP level 1. HP: 23/23 MP: 1/1
   200 | D:1      | Reached XP level 2. HP: 29/29 MP: 2/2
   654 | D:1      | Reached XP level 3. HP: 32/35 MP: 3/3
  1008 | D:2      | Reached skill level 1 in Invocations
  1255 | D:2      | Reached skill level 1 in Short Blades
  1255 | D:2      | Reached skill level 1 in Long Blades
  1255 | D:2      | Reached skill level 1 in Maces & Flails
  1255 | D:2      | Reached skill level 1 in Polearms
  1255 | D:2      | Reached skill level 1 in Staves
  1255 | D:2      | Reached skill level 1 in Slings
  1255 | D:2      | Reached skill level 1 in Bows
  1255 | D:2      | Reached skill level 1 in Crossbows
  1255 | D:2      | Reached skill level 1 in Throwing
  1255 | D:2      | Reached skill level 1 in Armour
  1255 | D:2      | Reached skill level 1 in Shields
  1255 | D:2      | Reached skill level 1 in Unarmed Combat
  1255 | D:2      | Reached skill level 1 in Spellcasting
  1255 | D:2      | Reached skill level 1 in Evocations
  1255 | D:2      | Reached XP level 4. HP: 39/41 MP: 5/5
  1278 | D:2      | Found a blossoming altar of Fedhas.
  1521 | D:2      | Found a runed door.
  1525 | D:2      | Noticed Crazy Yiuf
  1535 | D:2      | Killed Crazy Yiuf
  1535 | D:2      | Reached skill level 1 in Conjurations
  1535 | D:2      | Reached skill level 1 in Hexes
  1535 | D:2      | Reached skill level 1 in Charms
  1535 | D:2      | Reached skill level 1 in Summonings
  1535 | D:2      | Reached skill level 1 in Necromancy
  1535 | D:2      | Reached skill level 1 in Translocations
  1535 | D:2      | Reached skill level 1 in Transmutations
  1535 | D:2      | Reached skill level 1 in Fire Magic
  1535 | D:2      | Reached skill level 1 in Ice Magic
  1535 | D:2      | Reached skill level 1 in Air Magic
  1535 | D:2      | Reached skill level 1 in Earth Magic
  1535 | D:2      | Reached skill level 1 in Poison Magic
  1816 | D:3      | Reached XP level 5. HP: 44/47 MP: 6/6
  1831 | D:3      | Noticed Ijyb
  1847 | D:3      | Killed Ijyb
  1889 | D:3      | Found a snail-covered altar of Cheibriados.
  2440 | D:4      | Noticed a centaur
  2643 | D:4      | Reached XP level 6. HP: 47/53 MP: 8/8
  2741 | D:4      | Found a runed gate.
  2744 | D:4      | Found a runed gate.
  2744 | D:4      | Found a runed gate.
  2744 | D:4      | Noticed bmj180's ghost (novice DEFE)
  2752 | D:4      | Found Beuddure's Distillery.
  2760 | D:4      | Bought a potion of curing for 42 gold pieces
  2760 | D:4      | Bought a potion of heal wounds for 70 gold pieces
  2763 | D:4      | Reached skill level 5 in Invocations
  2763 | D:4      | Reached XP level 7. HP: 54/62 MP: 8/14
  2841 | D:4      | Found an ornate altar of the Wu Jian Council.
  2960 | D:4      | Reached XP level 8. HP: 38/68 MP: 15/15
  3181 | D:4      | Noticed Blork the orc
  3199 | D:4      | Killed Blork the orc
  3233 | D:4      | Found a burning altar of Makhleb.
  3234 | D:4      | Found a radiant altar of Vehumet.
  3234 | D:4      | Found a shimmering altar of Xom.
  3234 | D:4      | Found an ancient bone altar of Kikubaaqudgha.
  3237 | D:4      | Found a sparkling altar of Nemelex Xobeh.
  3239 | D:4      | Found a basalt altar of Yredelemnul.
  3371 | D:4      | Killed bmj180's ghost
  3371 | D:4      | Reached skill level 5 in Short Blades
  3371 | D:4      | Reached skill level 5 in Long Blades
  3371 | D:4      | Reached skill level 5 in Maces & Flails
  3371 | D:4      | Reached skill level 5 in Polearms
  3371 | D:4      | Reached skill level 5 in Staves
  3371 | D:4      | Reached skill level 5 in Slings
  3371 | D:4      | Reached skill level 5 in Bows
  3371 | D:4      | Reached skill level 5 in Crossbows
  3371 | D:4      | Reached skill level 5 in Throwing
  3371 | D:4      | Reached skill level 5 in Armour
  3371 | D:4      | Reached skill level 5 in Shields
  3371 | D:4      | Reached skill level 5 in Unarmed Combat
  3371 | D:4      | Reached skill level 5 in Spellcasting
  3371 | D:4      | Reached skill level 5 in Evocations
  3596 | D:5      | Entered Level 5 of the Dungeon
  3604 | D:5      | Noticed Prince Ribbit
  3620 | D:5      | Killed Prince Ribbit
  3833 | D:5      | Found a glowing golden altar of the Shining One.
  3923 | D:5      | Noticed Duvessa
  3923 | D:5      | Noticed Dowan
  3948 | D:5      | Killed Duvessa
  3948 | D:5      | Reached XP level 9. HP: 64/75 MP: 16/16
  3956 | D:5      | Killed Dowan
  4481 | D:6      | Noticed Grinder
  4505 | D:6      | Killed Grinder
  5012 | D:6      | Gained mutation: You passively map a small area around you. [potion of mutation]
  5012 | D:6      | Gained mutation: Your flesh is heat resistant. (rF+) [potion of mutation]
  5295 | D:7      | Found a hide-covered altar of Uskayaw.
  5302 | D:7      | Noticed a hand axe
  5302 | D:7      | Noticed a hand axe
  5360 | D:7      | Found a bloodstained altar of Trog.
  5378 | D:7      | Found a staircase to the Ecumenical Temple.
  5419 | D:7      | Found a blossoming altar of Fedhas.
  5828 | D:7      | Found a basalt altar of Yredelemnul.
  6049 | D:7      | Reached XP level 10. HP: 81/82 MP: 18/18
  6109 | Temple   | Entered the Ecumenical Temple
  6375 | Temple   | Became a worshipper of Warmaster Okawaru
  6375 | Temple   | Reached * piety under Okawaru
  6375 | Temple   | Reached ** piety under Okawaru
  6465 | D:8      | Found Beotsep's General Store.
  6882 | D:8      | Noticed Grum
  6923 | D:8      | Slain by Grum

Skill      XL: |  1  2  3  4  5  6  7  8  9 |
---------------+----------------------------+-----
Invocations    | 1 2 5 6 |  6.3
Short Blades   | 1 4 5 |  5.7
Long Blades    | 1 4 5 |  5.7
Maces & Flails | 1 4 5 |  5.7
Polearms       | 1 4 5 |  5.7
Staves         | 1 4 5 |  5.7
Slings         | 1 4 5 |  5.7
Bows           | 1 4 5 |  5.7
Crossbows      | 1 4 5 |  5.7
Throwing       | 1 4 5 |  5.7
Armour         | 1 4 5 |  5.7
Shields        | 1 4 5 |  5.7
Unarmed Combat | 1 4 5 |  5.7
Spellcasting   | 1 4 5 |  5.7
Evocations     | 1 4 5 |  5.7
Conjurations   | 1 4 |  4.7
Hexes          | 1 4 |  4.7
Charms         | 1 4 |  4.7
Summonings     | 1 4 |  4.7
Necromancy     | 1 4 |  4.7
Translocations | 1 4 |  4.7
Transmutations | 1 4 |  4.7
Fire Magic     | 1 4 |  4.7
Ice Magic      | 1 4 |  4.7
Air Magic      | 1 4 |  4.7
Earth Magic    | 1 4 |  4.7
Poison Magic   | 1 4 |  4.7
Fighting       | 8 |  8.8
Axes           | 8 |  8.8
Dodging        | 8 |  8.8
Stealth        | 6 7 |  7.2

Action                   |  1- 3 |  4- 6 |  7- 9 | 10-12 || total
-------------------------+-------+-------+-------+-------++-------
Melee: Hand axe          |    49 |       |       |       ||    49
       Bite              |     5 |    14 |    71 |    18 ||   108
       Spear             |    39 |   153 |   506 |   144 ||   842
Evoke: Wand              |       |    14 |       |       ||    14
  Use: Scroll            |     1 |     5 |     2 |     1 ||     9
       Potion            |       |     1 |     7 |     1 ||     9
 Stab: Sleeping          |    11 |     8 |     9 |     4 ||    32
       Distracted        |       |     1 |     1 |     1 ||     3
  Eat: Chunk             |     1 |     3 |     2 |       ||     6
       Ration            |       |     1 |     2 |     1 ||     4
Armor: Ring mail         |    10 |    37 |    73 |    39 ||   159
Dodge: Dodged            |    27 |    84 |   219 |   103 ||   433
Block: Buckler           |     7 |    29 |    93 |    27 ||   156
